 Dungeon Crawl Stone Soup version 0.31.0-11-ge490571c62 (webtiles) character file.

Game seed: 9765863420554901558

67 Gadfly the Insei (level 4, 35/35 HPs)
             Began as a Demonspawn Monk on Feb 3, 2024.
             Quit the game on level 2 of the Dungeon.
             The game lasted 00:01:34 (1075 turns).

Gadfly the Insei (Demonspawn Monk)                  Turns: 1075, Time: 00:01:35

Health: 35/35      AC:  5    Str: 13    XL:     4   Next: 0%
Magic:  4/4        EV: 13    Int: 10    God:
Gold:   68         SH:  0    Dex: 16    Spells: 3/3 levels left

rFire   . . .        b - +2 dagger (elec)
rCold   . . .        c - orb {light}
rNeg    . . .        a - +0 robe
rPois   .            (no helmet)
rElec   .            h - +0 cloak
rCorr   .            (no gloves)
SInv    .            (no boots)
Will    .....        (no amulet)
Stlth   +            (no ring)
HPRegen 0.25/turn    (no ring)
MPRegen 0.09/turn

%: no passive effects
@: glowing
A: slimy green scales 1, demonic magic 1
a: no special abilities


You were on level 2 of the Dungeon.
You visited 1 branch of the dungeon, and saw 2 of its levels.

You collected 68 gold pieces.

Inventory:

Hand Weapons
 b - a +2 dagger of electrocution (weapon)
Armour
 a - a +0 robe (worn)
 c - an orb of light (worn)
 h - a +0 cloak (worn)
Talismans
 f - a dragon-blood talisman
Scrolls
 g - a scroll of identify
Potions
 d - a potion of cancellation
 e - a potion of ambrosia
 i - a potion of invisibility {unknown}


   Skills:
 - Level 3.0 Fighting
 + Level 3.0 Dodging
 * Level 3.3 Unarmed Combat
 * Level 1.7 Evocations
 * Level 1.3 Shapeshifting


You had 3 spell levels left.
You didn't know any spells.
Your spell library was empty.

Dungeon Overview and Level Annotations

Branches:
Dungeon (2/15)

Altars:


Innate Abilities, Weirdness & Mutations

You are partially covered in slimy green scales. (AC +2)
Spells you cast may paralyse adjacent enemies.


Message History

The dart slug is heavily wounded.
The dart slug launches a dart at you. The slug dart hits you.
You hit the dart slug.
The dart slug is almost dead.
You hit the dart slug.
You kill the dart slug!
No target in view!
No target in view!
No target in view!
HP restored.
You see here a dart slug corpse.
i - a cyan potion
Found a chain mail.
No target in view!
No target in view!
No target in view!
A frilled lizard comes into view.
The frilled lizard hisses angrily.
The frilled lizard moves out of view.
A frilled lizard is nearby!
The frilled lizard closely misses you.
You hit the frilled lizard.
You kill the frilled lizard!
No target in view!
No target in view!
No target in view!
No target in view!
No target in view!
A frilled lizard comes into view.
The frilled lizard hisses angrily.
You barely miss the frilled lizard. The frilled lizard barely misses you.
You closely miss the frilled lizard. The frilled lizard closely misses you.
You barely miss the frilled lizard. The frilled lizard misses you.
You hit the frilled lizard.
You kill the frilled lizard!
You have reached level 4!
You feel agile.
Your demonic ancestry asserts itself...
A menacing aura infuses your magic.
Are you sure you want to abandon this character and quit the game? (Confirm with "yes".)

#####.#.#..#
#....... .....#....#
#....... .... ....
#..###..### #
#..#.#..#...
#..###..#.#..###.###
#
#..................#
###
..###..#.#..#.#.#(.
#.. #.@#.#..#
#....##.#
.#..###..###.##..>.#
.[...........####.##
###..###..#.#......#
...#....#.#......#
##..###..###.####†#
.............####.#
##########........#
##########


There were no monsters in sight!

Vanquished Creatures
  An adder (D:2)
  3 dart slugs (D:2)
  A ribbon worm (D:2)
  3 ball pythons
  7 bats
  4 endoplasms
  2 giant cockroaches
  6 goblins
  2 hobgoblins
  4 jackals (D:2)
  4 quokkas
  4 frilled lizards (D:2)
  2 kobolds
  3 rats
46 creatures vanquished.

Notes
Turn   | Place    | Note
-------+----------+-------------------------------------------
     0 | D:1      | Gadfly the Demonspawn Monk began the quest for the Orb.
     0 | D:1      | Reached XP level 1. HP: 18/18 MP: 1/1
   348 | D:1      | Gained mutation: You are partially covered in slimy green
                  | scales. (AC +2) [demonic ancestry]
   348 | D:1      | Reached XP level 2. HP: 24/24 MP: 2/2
   478 | D:1      | Reached skill level 1 in Evocations
   809 | D:2      | Reached skill level 1 in Shapeshifting
   809 | D:2      | Reached XP level 3. HP: 26/29 MP: 3/3
  1075 | D:2      | Gained mutation: Spells you cast may paralyse adjacent
                  | enemies. [demonic ancestry]
  1075 | D:2      | Reached XP level 4. HP: 35/35 MP: 4/4
  1075 | D:2      | Quit the game

Illustrated notes

Levels and vault maps discovered:
D:1:      wander_arrival_lonely_grave, layout_basic
D:2:      minmay_roachtagon, layout_basic, minmay_misc_feat_nine_boxes,
          minmay_guardbox

Skill      XL: |  1  2  3 |
---------------+----------+-----
Evocations     | 1 |  1.7
Unarmed Combat | 3 |  3.3
Shapeshifting  | 1 |  1.3
Dodging        | 3 |  3.0
Fighting       | |  3.0

Action                     |  1- 3 |  4- 6 || total
---------------------------+-------+-------++-------
  Melee: Dagger            |    87 |       ||    87
         Unarmed           |     3 |       ||     3
    Use: Scroll            |     3 |       ||     3
 Armour: Robe              |    28 |       ||    28
  Dodge: Dodged            |    53 |       ||    53
